 Dungeon Sprint DCSS version 0.30-a0-528-g8c47a4955b (webtiles) character file.

Game seed: 16073850067883926005

197 rocky1 the Carver (level 6, -5/43 HPs)
             Began as a Djinni Gladiator on Dec 24, 2022.
             Slain by a shadow (8 damage)
             ... in the Dungeon (Sprint III: "The Ten Rune Challenge").
             The game lasted 00:02:22 (538 turns).

rocky1 the Carver (Djinni Gladiator)                 Turns: 538, Time: 00:02:23

Health: -5/43      AC:  5    Str: 13    XL:     6   Next: 5%
Gold:   27         EV: 13    Int: 10    God:
                   SH:  0    Dex: 16

rFire   + + .      SeeInvis .    a - +0 long sword
rCold   x . .      Faith    .    (no shield)
rNeg    . . .      Spirit   .    l - +2 robe {Will+}
rPois   ∞          Reflect  .    c - +0 helmet
rElec   .          Harm     .    (no cloak)
rCorr   .          Rampage  .    (no gloves)
Will    +....      NoTele   +    (boots unavailable)
Stlth   +                        (no amulet)
HPRegen 0.27/turn                (no ring)
MPRegen 0.00/turn                (no ring)

@: wereblooded, flying
A: sickness immunity, fire resistance 2, cold vulnerability 1, float, innate
caster, HP casting, extra vitality 1
a: no special abilities


You were in the Dungeon.
You visited 1 branch You collected 27 gold pieces.

Inventory:

Hand Weapons
 a - a +0 long sword (weapon)
Missiles
 d - 2 throwing nets (quivered)
 e - a javelin
Armour
 c - a +0 helmet (worn)
 l - a +2 robe of willpower (worn)
Scrolls
 k - a scroll of blinking
 n - a scroll of poison {unknown}
 o - a scroll of identify {unknown}
 q - a scroll of immolation {unknown}
 r - a scroll of magic mapping {unknown}
Potions
 f - 2 potions of curing
 h - a potion of haste
 m - 3 potions of mutation {unknown}
 p - 2 potions of flight {unknown}


   Skills:
 - Level 2.0 Fighting
 * Level 9.0 Long Blades
 - Level 1.5 Throwing
 - Level 3.2 Dodging
 + Level 4.8 Spellcasting


You had 11 spell levels left.
You knew the following spells:

 Your Spells              Type           Power      Damage    Failure   Level
a - Freeze                Ice            48%        1d6       3%          1
b - Wereblood             Tmut           12%        N/A       4%          2
Your spell library was empty.

Dungeon Overview and Level Annotations

Branches:
Dungeon (1/1)

Altars:


Innate Abilities, Weirdness & Mutations

You are immune to sickness and miasma.
You are immune to poison.
Your flesh is very heat resistant. (rF++)
You are vulnerable to cold. (rC-)
You float through the air rather than walking.
You learn spells naturally, not from books.
Your magical power is your life essence.
You have superior vitality. (+4 MHP)


Message History

You hit the jelly but do no damage.
Your hands burn!
The jelly is heavily wounded.
The jelly completely misses you.
You slash the jelly!
You kill the jelly!
Your Long Blades skill increases to level 9!
You have reached level 6!
You start resting.
HP restored.
Unknown command.
Casting: Freeze (safe; 3% risk of failure)
Confirm with . or Enter, or press ? or * to list all spells.
Okay, then.
Casting: Freeze (safe; 3% risk of failure)
Confirm with . or Enter, or press ? or * to list all spells.
Your blood is infused with primal strength.
A shadow comes into view.
There is an open door here.
You barely miss the shadow.
The shadow slips into darkness.
The shadow flickers and vanishes!
Deactivating autopickup; reactivate with Ctrl-A.
You closely miss something.
The shadow strikes at you from the darkness!
Ouch! That really hurt!
* * * LOW HITPOINT WARNING * * *
Reactivating autopickup.
You hit the shadow but do no damage. The shadow hits you.
* * * LOW HITPOINT WARNING * * *
You feel much better.
The shadow slips into darkness.
The shadow flickers and vanishes!
Deactivating autopickup; reactivate with Ctrl-A.
You hit something but do no damage.
The shadow strikes at you from the darkness!
Ouch! That really hurt!
* * * LOW HITPOINT WARNING * * *
Reactivating autopickup.
You barely miss the shadow. The shadow hits you!
You die...

▓ ▓▓▓ ♣ ♣!# ♣♣
♣♣.# .♣ ♣..#
.♣♣♣♣.###+#+###+##
♣.♣♣..#..........#
~..♣♣.'.⌠........#
~~~♣..#...######@#
~~....#.⌠.# #.W.#
~.....#...# #...#
......#+### #...#
......# #...+
......# +...#
▓▓▓▓▓▓▓ ▓▓▓▓▓


You could see a shadow.

Vanquished Creatures
  A scorpion (D)
  A water elemental (D)
  A jelly (D)
  Jessica (D)
  A human (D)
  2 endoplasms (D)
  A rat (D)
8 creatures vanquished.

Notes
Turn   | Place    | Note
-------+----------+-------------------------------------------
     0 | D        | rocky1 the Djinni Gladiator began the quest for the Orb.
     0 | D        | Reached XP level 1. HP: 18/18 MP: 0/0
     5 | D        | Reached skill level 3 in Long Blades
    53 | D        | Noticed Jessica
    56 | D        | Reached skill level 1 in Spellcasting
    65 | D        | Killed Jessica
    66 | D        | Reached skill level 5 in Long Blades
    66 | D        | Reached XP level 2. HP: 17/23 MP: 0/0
    66 | D        | Reached XP level 3. HP: 21/28 MP: 0/0
    66 | D        | Learned a level 1 spell: Freeze
   296 | D        | Noticed a scorpion
   309 | D        | Killed a scorpion
   310 | D        | Reached skill level 7 in Long Blades
   310 | D        | Reached XP level 4. HP: 24/33 MP: 0/0
   310 | D        | Reached XP level 5. HP: 27/38 MP: 0/0
   310 | D        | Learned a level 2 spell: Wereblood
   387 | D        | Noticed a water elemental
   391 | D        | Killed a water elemental
   392 | D        | Reached skill level 8 in Long Blades
   515 | D        | Reached skill level 9 in Long Blades
   515 | D        | Reached XP level 6. HP: 38/43 MP: 0/0
   532 | D        | Noticed a shadow
   537 | D        | HP: 2/43 [something (29)]
   538 | D        | Slain by a shadow

Illustrated notes

Levels and vault maps discovered:
D:        dungeon_sprint_mu [sprint_mu_entry_forest, sprint_mu_temple_rooms,
          sprint_mu_d1_spiders, sprint_mu_d2_genie, sprint_mu_d3_branching,
          sprint_mu_orc_legion, sprint_mu_elf_gauntlet, sprint_mu_hive_nellie,
          sprint_mu_lair_fedhas, sprint_mu_vaults_butterflies,
          sprint_mu_slime_circle, sprint_mu_shoals_archi,
          sprint_mu_snake_twists, sprint_mu_blade_basic, sprint_mu_crypt_lich,
          sprint_mu_tomb_spiral, sprint_mu_vestibule_basic,
          sprint_mu_gehenna_hellfire, sprint_mu_dis_giant,
          sprint_mu_tartarus_statrot, sprint_mu_cocytus_islands, sprint_mu_zot1]

Skill      XL: |  1  2  3  4  5 |
---------------+----------------+-----
Long Blades    | 5 7 9 |  9.0
Spellcasting   | 2 3 4 |  4.8
Fighting       | |  2.0
Throwing       | |  1.5
Dodging        | |  3.2

Action                   |  1- 3 |  4- 6 || total
-------------------------+-------+-------++-------
Melee: Long sword        |    26 |    12 ||    38
       Punch             |     1 |       ||     1
Throw: Throwing net      |     3 |       ||     3
 Cast: Wereblood         |       |     1 ||     1
  Use: Potion            |       |     2 ||     2
 Stab: Held in net/web   |     1 |       ||     1
Armor: Leather armour    |     2 |       ||     2
       Robe              |     2 |     1 ||     3
Dodge: Dodged            |    10 |     4 ||    14

Table legend: (Time is in decaauts)
 A = Elapsed time spent in this place.
 B = Non-inter-level travel time spent in this place.
 C = Inter-level travel time spent in this place.
 D = Time resting spent in this place.
 E = Time spent auto-exploring this place.
 F = Levels seen in this place.
 G = Mean time per level.
                   A        B        C        D        E       F      G
               +--------+--------+--------+--------+--------+-----+--------+
         Total |    554 |    554 |      0 |    357 |      1 |   1 |  554.0 |
       Dungeon |    554 |    554 |      0 |    357 |      1 |   1 |  554.0 |
               +--------+--------+--------+--------+--------+-----+--------+

Top non-repeatable levels by time:
       D: 554 daAuts
